 Dungeon Sprint DCSS version 0.23.2-40-g277498a001 (webtiles) character file.

Game seed: 16727871540363225908

906828 Canard the Invulnerable (level 24, 181/181 HPs)
             Began as a Gargoyle Fighter on Sept 15, 2019.
             Was the Champion of the Shining One.
             Starved to death
             ... in the Dungeon (Sprint IX: "|||||||||||||||||||||||||||||").
             The game lasted 01:04:24 (18801 turns).

Canard the Invulnerable (Gargoyle Fighter)         Turns: 18801, Time: 01:04:24

Health: 181/181    AC: 72    Str: 41    XL:     24   Next: 12%
Magic:  54/54      EV: 18    Int: 13    God:    the Shining One [******]
Gold:   1697       SH: 36    Dex:  7    Spells: 72/77 levels left

rFire    + + +     SeeInvis .   a - +9 morningstar (holy)
rCold    + + .     Gourm    .   D - +7 large shield
rNeg     + + +     Faith    .   A - +11 crystal plate armour of Proximity {MR+ Dex+3}
rPois    ∞         Spirit   .   p - +2 hat
rElec    +         Reflect  .   Q - scarf {repulsion}
rCorr    +         Harm     .   G - +1 pair of gloves of Galychoa {rF++ rC++ Dex-3}
MR       +++..     NoTele   +   S - +4 pair of boots "Iroiz" {MR- rCorr Stlth+}
Stlth    ..........             W - amulet of regeneration
HPRegen  0.80/turn              B - ring "Paijyepn" {rPois MR+ Str+6 Int+3}
MPRegen  0.34/turn              q - ring of Zioxtyam {MR+ Str+4}

@: fainting, glowing, repel missiles
A: antennae 1, big wings, clumsy 1, fire resistance 1, negative energy
resistance 1, electricity resistance, unbreathing, petrification resistance, no
potion heal 1, rot immunity, AC +18
0: Orb of Zot
}: 17/17 runes: decaying, serpentine, barnacled, slimy, elven, silver, golden,
iron, obsidian, icy, bone, abyssal, glowing, magical, fiery, dark, gossamer
a: Fly, Divine Shield, Cleansing Flame, Summon Divine Warrior, Renounce Religion


You were in the Dungeon.
You worshipped the Shining One.
The Shining One was exalted by your worship.
You were fainting.

You visited 1 branch You collected 1985 gold pieces.
You spent 165 gold pieces at shops.
You donated 123 gold pieces to Zin.


Innate Abilities, Weirdness & Mutations

You are resistant to torment.
Your stone body is resilient. (AC +18)
You are immune to poison.
Your large and strong wings let you fly indefinitely.
You resist negative energy. (rN+)
You are resistant to electric shocks. (rElec)
You can survive without breathing.
You are immune to petrification.
You are immune to rotting.
You have a pair of small antennae on your head.
You are clumsy. (Dex -2)
Your flesh is heat resistant. (rF+)
Potions are less effective at restoring your health.


   Skills:
 O Level 27 Fighting
 O Level 27 Maces & Flails
 O Level 27 Throwing
 O Level 27 Armour
 O Level 27 Dodging
 O Level 27 Shields
 O Level 27 Spellcasting
 + Level 20.6 Summonings
 + Level 20.7 Translocations
 O Level 27 Invocations
 O Level 27 Evocations


You had 72 spell levels left.
You knew the following spells:

 Your Spells              Type           Power        Failure   Level  Hunger
a - Summon Forest         Summ/Tloc      ######....   1%          5    ##.....

Your spell library contained the following spells:

 Spells                   Type           Power        Failure   Level  Hunger
 Summon Small Mammal      Summ           ####         0%          1    None
 Summon Guardian Golem    Hex/Summ       #####...     1%          3    None
 Summon Demon             Summ           ######....   1%          5    ##.....
 Sticks to Snakes         Tmut           ###.....     10%         2    None

Action                   |  1- 3 |  4- 6 |  7- 9 | 10-12 | 13-15 | 16-18 | 19-21 | 22-24 || total
-------------------------+-------+-------+-------+-------+-------+-------+-------+-------++-------
Melee: Flail             |    39 |    21 |    89 |   580 |       |       |       |       ||   729
       Mace              |       |       |       |    59 |   366 |       |       |       ||   425
       Morningstar       |       |       |       |       |   680 |  1025 |   659 |   442 ||  2806
       Unarmed           |       |       |       |       |     9 |       |       |       ||     9
       Club              |       |       |       |       |       |       |   175 |       ||   175
Throw: Javelin           |       |       |       |       |     1 |     6 |    21 |    62 ||    90
Invok: Heroism           |       |       |     4 |     6 |    14 |     7 |       |       ||    31
       Finesse           |       |       |       |     7 |    11 |    10 |     4 |       ||    32
       Cleansing Flame   |       |       |       |       |       |       |     4 |    10 ||    14
       Divine Shield     |       |       |       |       |       |       |     2 |     6 ||     8
       Summon Divine War |       |       |       |       |       |       |     2 |    10 ||    12
       Brand Weapon With |       |       |       |       |       |       |     1 |       ||     1
 Abil: Fly               |       |       |       |       |     2 |       |       |       ||     2
       Stop Flying       |       |       |       |       |     2 |       |       |       ||     2
Evoke: Lightning rod     |       |       |       |       |       |     1 |       |       ||     1
  Use: Potion            |     1 |     2 |     1 |       |     4 |     2 |     1 |    12 ||    23
       Scroll            |       |       |       |     2 |       |    17 |       |     2 ||    21
  Eat: Chunk             |       |       |       |     7 |     6 |     5 |     4 |       ||    22
       Ration            |       |       |       |       |     2 |     1 |     6 |     3 ||    12
Armor: Scale mail        |    12 |       |       |       |       |       |       |       ||    12
       Plate armour      |       |     8 |    47 |    14 |       |       |       |       ||    69
       Crystal plate arm |       |       |       |   135 |   323 |   202 |   133 |   103 ||   896
Dodge: Dodged            |    16 |     1 |    21 |    54 |   225 |   195 |    94 |    38 ||   644
       Deflected         |       |       |       |       |    11 |     8 |     6 |     2 ||    27
Block: Shield            |    19 |     7 |    35 |   195 |   404 |   164 |       |       ||   824
       Large shield      |       |       |       |       |       |   340 |   713 |   345 ||  1398

Inventory:

Hand Weapons
 a - a +9 morningstar of holy wrath (weapon)
   (Okawaru gifted it to you in the Dungeon)
 b - a +9 antimagic club
   (You took it off a Killer Klown in the Dungeon)
 u - the +5 demon whip "Kuirushe" {freeze, Int+4 Dex+2}
   (You found it in the Dungeon)

   It has been specially enchanted to freeze those struck by it, causing extra
   injury to most foes and up to half again as much damage against particularly
   susceptible opponents.
   It can also slow down cold-blooded creatures.
   It affects your intelligence (+4).
   It affects your dexterity (+2).
   The Shining One disapproves of the use of such an item.
 L - the +5 demon whip of Disgust {pain, rF- rN+ Str+4 Int+3}
   (You found it in the Dungeon)

   In the hands of one skilled in necromantic magic, it inflicts extra damage on
   living creatures.
   It affects your strength (+4).
   It affects your intelligence (+3).
   It makes you vulnerable to fire.
   It protects you from negative energy.
   The Shining One disapproves of the use of such an item.
Missiles
 C - 21 javelins of returning
 F - 38 javelins
 R - 18 silver javelins (quivered)
Armour
 c - a +2 helmet of see invisible
   (Okawaru gifted it to you in the Dungeon)
 p - a +2 hat (worn)
   (You took it off Gastronok in the Dungeon)
 t - a +1 pair of boots of stealth
   (Okawaru gifted it to you in the Dungeon)
 y - a +2 pair of gloves
   (You bought it in a shop in the Dungeon)
 A - the +11 crystal plate armour of Proximity (worn) {MR+ Dex+3}
   (Okawaru gifted it to you in the Dungeon)

   It affects your dexterity (+3).
   It affects your resistance to hostile enchantments.
 D - a +7 large shield (worn)
   (You took it off a vault guard in the Dungeon)
 G - the +1 pair of gloves of Galychoa (worn) {rF++ rC++ Dex-3}
   (Okawaru gifted it to you in the Dungeon)

   It affects your dexterity (-3).
   It greatly protects you from fire.
   It greatly protects you from cold.
 Q - a scarf of repulsion (worn)
   (Okawaru gifted it to you in the Dungeon)
 S - the +4 pair of boots "Iroiz" (worn) {MR- rCorr Stlth+}
   (Okawaru gifted it to you in the Dungeon)

   It affects your resistance to hostile enchantments.
   It provides partial protection from all sources of acid and corrosion.
   It makes you more stealthy.
Jewellery
 d - the ring "Qasuh" {Wiz rF+ Str-4 Dex+3 Slay+3}
   (You found it in the Dungeon)

   [ring of wizardry]

   It improves your spell success rate.
   It affects your strength (-4).
   It affects your dexterity (+3).
   It affects your accuracy and damage with ranged weapons and melee attacks
   (+3).
   It protects you from fire.
 q - the ring of Zioxtyam (right hand) {MR+ Str+4}
   (You found it in the Dungeon)

   [ring of protection from magic]

   It affects your strength (+4).
   It affects your resistance to hostile enchantments.
 r - an uncursed ring of ice
   (You found it in the Dungeon)
 s - an uncursed ring of protection from fire
   (You found it in the Dungeon)
 z - the ring of Zazieroo {rPois rC+ rN+ SInv}
   (You found it in the Dungeon)

   [ring of protection from cold]

   It protects you from cold.
   It protects you from poison.
   It protects you from negative energy.
   It lets you see invisible.
 B - the ring "Paijyepn" (left hand) {rPois MR+ Str+6 Int+3}
   (You found it in the Dungeon)

   [ring of protection from magic]

   It affects your strength (+6).
   It affects your intelligence (+3).
   It protects you from poison.
   It affects your resistance to hostile enchantments.
 I - an uncursed amulet of guardian spirit
   (You found it in the Dungeon)
 M - the ring of Foec {rCorr rPois}
   (You found it in the Dungeon)

   [ring of resist corrosion]

   It protects you from poison.
 U - an uncursed ring of fire
   (You found it in the Dungeon)
 V - a +6 ring of intelligence
   (You found it in the Dungeon)
 W - an amulet of regeneration (around neck)
   (You found it in the Dungeon)
 X - a +6 ring of dexterity
   (You found it in the Dungeon)
 Y - a +4 ring of evasion
   (You found it in the Dungeon)
 Z - a +6 ring of strength
   (You found it in the Dungeon)
Wands
 o - a wand of acid (10)
   (You found it in the Dungeon)
Scrolls
 k - 2 scrolls of blinking
 m - 10 scrolls of remove curse
 n - 2 scrolls of amnesia
 O - 3 scrolls of fog
 T - 2 scrolls of fear
Potions
 e - 8 potions of curing
 g - 4 potions of heal wounds
 h - a potion of haste
 i - 6 potions of magic
 j - 2 potions of mutation
 l - a potion of invisibility
 v - 3 potions of brilliance
 x - 2 potions of berserk rage
 E - a potion of cancellation
 H - a potion of flight
 N - a potion of agility
Miscellaneous
 J - a lightning rod (4/4)
   (You found it in the Dungeon)
 P - the horn of Geryon
   (You took it off Geryon in the Dungeon)


Message History

The Orb Guardian is moderately wounded.
You block the Orb Guardian's attack.
You bludgeon the Orb Guardian!!
The Orb Guardian is severely wounded.
The Orb Guardian completely misses you.
You closely miss the Orb Guardian.
The Orb Guardian is severely wounded.
You block the Orb Guardian's attack.
You bludgeon the Orb Guardian!!
You kill the Orb Guardian!
Exp: ~1710(2%)
(D) Dungeon
Where to? (Enter - D @ (x,y), ? - help)
You sense a monster nearby.
A rakshasa comes into view. It is wielding a +0 trident.
You block the rakshasa's attack.
You closely miss the rakshasa. You block the rakshasa's attack.
You closely miss the rakshasa.
You have starved to death.
You die...

▓▓▓▓▓▓▓▓▓▓▓▓▓▓▓▓▓▓▓▓▓▓▓▓▓▓
▓...▓...▓...▓...▓...▓...▓.
▓.▓.▓.▓.▓.▓.▓.▓.▓.▓.▓.▓.▓.
▓'▓.▓.▓.▓.▓.▓.▓.▓.▓.▓.▓.▓.
▓.▓.▓.▓.▓.▓.▓.▓.▓.▓.▓.▓.▓.
▓.▓.▓'▓.▓@▓.▓.▓.▓.▓.▓.▓.▓.
▓.▓.▓.▓.▓R▓.▓.▓)▓.▓.▓.▓[▓.
▓.▓.▓.▓.▓.▓.▓.▓.▓.▓.▓.▓.▓.
▓.▓.▓[▓.▓.▓.▓.▓.▓.▓.▓.▓.▓.
▓.▓.▓.▓.▓.▓.▓.▓.▓.▓.▓.▓.▓.
▓)▓.▓.▓.▓'▓.▓'▓.▓.▓.▓'▓.▓.
▓.▓.▓.▓.▓.▓.▓.▓.▓.▓.▓.▓.▓'
▓.▓.▓.▓.▓.▓.▓)▓.▓.▓.▓.▓.▓.
▓.▓.▓.▓.▓.▓.▓)▓[▓'▓.▓.▓.▓.

Dungeon Overview and Level Annotations

Branches:
Dungeon (1/1)

Altars:
Cheibriados
Dithmenos
Elyvilon
Fedhas
Gozag
Hepliaklqana
Kikubaaqudgha
Makhleb
Nemelex Xobeh
Okawaru
Qazlal
Ru
Sif Muna
Trog
Uskayaw
Vehumet
Wu Jian
Xom
Yredelemnul
Zin
The Shining One
Beogh
Jiyva
Lugonu

Shops:
D [(?%

Table legend:
 A = Turns spent in this place as a percentage of turns spent in the entire game.
 B = Non-inter-level travel turns spent in this place as a percentage of non-inter-level travel turns spent in the entire game.
 C = Inter-level travel turns spent in this place as a percentage of turns spent in this place.
 D = Turns resting spent in this place as a percentage of non-inter-level travel turns spent in this place.
 E = Turns spent auto-exploring this place as a percentage of non-inter-level travel turns spent in this place.
 F = Non-inter-level travel turns spent in this place divided by the number of levels of this place that you've seen.
                   A       B       C       D       E      F
               +-------+-------+-------+-------+-------+----------------------
         Total | 100.0 | 100.0 |  30.1 |  27.7 |  10.7 | 13141.0
       Dungeon | 100.0 | 100.0 |  30.1 |  27.7 |  10.7 | 13141.0
               +-------+-------+-------+-------+-------+----------------------

Table legend:
 A = Kills in this place as a percentage of kills in entire the game.
 B = Kills by you in this place as a percentage of kills by you in the entire game.
 C = Kills by friends in this place as a percentage of kills by friends in the entire game.
 D = Other kills in this place as a percentage of other kills in the entire game.
 E = Experience gained in this place as a percentage of experience gained in the entire game.
 F = Experience gained in this place divided by the number of levels of this place that you have seen.
                   A       B       C       D       E      F
               +-------+-------+-------+-------+-------+----------------------
         Total | 100.0 | 100.0 | 100.0 | 100.0 | 100.0 | 847071.0
       Dungeon | 100.0 | 100.0 | 100.0 | 100.0 | 100.0 | 847071.0
               +-------+-------+-------+-------+-------+----------------------
You could see a rakshasa.

Vanquished Creatures
  Cerebov (D)
  Antaeus (D)
  Asmodeus (D)
  Ereshkigal (D)
  Gloorx Vloq (D)
  the Royal Jelly (D)
  Mnoleg (D)
  Lom Lobon (D)
  Dispater (D)
  2 orbs of fire (D)
  5 ancient liches (D)
  Mara (D)
  Mennas (D)
  3 pandemonium lords (D)
  9 greater mummies (D)
  Sojobo (D)
  Boris (D)
  Margery (D)
  Xtahua (D)
  Frederick (D)
  A Killer Klown (D)
  A curse toe (D)
  3 golden dragons (D)
  Geryon (D)
  3 liches (D)
  An electric golem (D)
  A bone dragon (D)
  A Brimstone Fiend (D)
  Rupert (D)
  2 Hell Sentinels (D)
  4 tentacled monstrosities (D)
  36 Orb Guardians (D)
  6 deep elf blademasters (D)
  3 quicksilver dragons (D)
  9 acid blobs (D)
  A titan (D)
  A deep elf master archer (D)
  Gastronok (D)
  7 sphinxes (D)
  Kirke (D)
  A tentacled starspawn (D)
  4 death cobs (D)
  Agnes (D)
  10 azure jellies (D)
  4 draconian monks (D)
  11 shadow dragons (D)
  A storm dragon (D)
  2 tengu reavers (D)
  Ilsuiw (D)
  3 nagarajas (D)
  2 fire giants (D)
  4 frost giants (D)
  4 ghost moths (D)
  A deep elf sorcerer (D)
  A draconian stormcaller (D)
  A draconian scorcher (D)
  4 vault wardens (D)
  2 cacodemons (D)
  Louise (D)
  4 emperor scorpions (D)
  Aizul (D)
  2 draconian annihilators (D)
  4 stone giants (D)
  4 ironheart preservers (D)
  A very ugly thing (D)
  An entropy weaver (D)
  A starcursed mass (D)
  Nessos (D)
  A black draconian (D)
  8 vampire knights (D)
  A deep elf demonologist (D)
  3 green draconians (D)
  A lorocyproca (D)
  2 deep elf annihilators (D)
  2 purple draconians (D)
  2 yellow draconians (D)
  8 white draconians (D)
  2 spark wasps (D)
  5 red draconians (D)
  Snorg (D)
  3 mummy priests (D)
  4 merfolk javelineers (D)
  4 ettins (D)
  A deep elf death mage (D)
  7 merfolk impalers (D)
  9 death oozes (D)
  5 yaktaur captains (D)
  3 great orbs of eyes (D)
  A deep elf high priest (D)
  3 naga warriors (D)
  25 vault guards (D)
  6 fire dragons (D)
  A rakshasa (D)
  7 hydras (D)
  A ghost crab (D)
  A spriggan air mage (D)
  Erica (D)
  2 ice dragons (D)
  A centaur warrior (D)
  A hell beast (D)
  2 merfolk avatars (D)
  A death knight (D)
  3 merfolk aquamancers (D)
  5 ogre magi (D)
  A thrashing horror (D)
  5 tengu warriors (D)
  3 deep troll earth magi (D)
  2 shock serpents (D)
  3 hell knights (D)
  3 deep elf knights (D)
  2 sixfirhies (D)
  A salamander mystic (D)
  A shadow demon (D)
  2 glowing orange brains (D)
  An unseen horror (D)
  A skeletal warrior (D)
  2 flayed ghosts (D)
  6 swamp dragons (D)
  A wizard (D)
  2 deep elf archers (D)
  A deep troll (D)
  4 ironbrand convokers (D)
  A necromancer (D)
  8 orc knights (D)
  An ugly thing (D)
  An orb spider (D)
  4 wolf spiders (D)
  A manticore (D)
  2 deep elf magi (D)
  7 moths of wrath (D)
  A cyclops (D)
  An elephant (D)
  5 naga magi (D)
  3 guardian serpents (D)
  A merfolk siren (D)
  3 vault sentinels (D)
  3 black mambas (D)
  A smoke demon (D)
  3 orange demons (D)
  5 spiny frogs (D)
  A rust devil (D)
  A yaktaur (D)
  A hellion (D)
  An ancient zyme (D)
  4 freezing wraiths (D)
  An ice devil (D)
  4 demonic crawlers (D)
  A tormentor (D)
  An efreet (D)
  A wandering mushroom (D)
  16 guardian mummies (D)
  2 trolls (D)
  A wind drake (shapeshifter) (D)
  A jumping spider (D)
  2 merfolk (D)
  A hornet (D)
  A blink frog (D)
  A slime creature (D)
  A dream sheep (shapeshifter) (D)
  A polar bear (D)
  2 hippogriffs (D)
  2 snapping turtles (D)
  4 redbacks (D)
  11 spriggans (D)
  A shadow (D)
  A tarantella (D)
  Eustachio (D)
  2 large abominations (D)
  2 hogs (D)
  3 golden eyes (D)
  A basilisk (D)
  2 yaks (D)
  A vampire mosquito (D)
  2 small abominations (D)
  2 wargs (D)
  An insubstantial wisp (D)
  3 nagas (D)
  2 acid dragons (D)
  A hell hound (D)
  A porcupine (D)
  3 water moccasins (D)
  A swamp drake (D)
  An eye of draining (D)
  An ogre (D)
  17 orc warriors (D)
  6 wolves (D)
  A centaur (D)
  A crocodile (D)
  An orc priest (D)
  3 orc wizards (D)
  3 gnolls (D)
  A shadow imp (D)
  An adder zombie (D)
  A ball lightning (D)
  A leopard gecko (D)
  12 orcs (D)
  A ball python (D)
  A bat (D)
  A bat skeleton (D)
  A bat zombie (D)
  2 hobgoblins (D)
  2 frilled lizards (D)
  3 fire vortices (D)
  A starspawn tentacle (D)
575 creatures vanquished.

Vanquished Creatures (collateral kills)
  6 sphinxes (D)
  A deep elf demonologist (D)
  2 deep elf death magi (D)
  A deep elf high priest (D)
10 creatures vanquished.

Vanquished Creatures (others)
  A thorn hunter (D)
  A sixfirhy (D)
  A sea snake (D)
  A spiny frog (D)
  A merfolk (D)
  2 blink frogs (D)
  2 humans (D)
  A swamp drake (D)
  A boggart (D)
  17 ball lightnings (D)
  2 blocks of ice (D)
  A starspawn tentacle (D)
31 creatures vanquished.

Grand Total: 616 creatures vanquished

Notes
Turn   | Place    | Note
-------+----------+-------------------------------------------
     0 | D        | Canard the Gargoyle Fighter began the quest for the Orb.
     0 | D        | Reached XP level 1. HP: 14/14 MP: 1/1
    22 | D        | Reached skill level 5 in Maces & Flails
    22 | D        | Reached XP level 2. HP: 8/19 MP: 2/2
   200 | D        | Noticed an ogre
   218 | D        | Reached XP level 3. HP: 12/23 MP: 3/3
   221 | D        | Reached skill level 1 in Dodging
   224 | D        | Killed an ogre
   224 | D        | Reached XP level 4. HP: 16/28 MP: 4/4
   224 | D        | Reached XP level 5. HP: 18/32 MP: 5/5
   233 | D        | Found a roughly hewn altar of Beogh.
   233 | D        | Found a snail-covered altar of Cheibriados.
   233 | D        | Found a shadowy altar of Dithmenos.
   233 | D        | Found a white marble altar of Elyvilon.
   233 | D        | Found a blossoming altar of Fedhas.
   233 | D        | Found an opulent altar of Gozag.
   234 | D        | Found a hazy altar of Hepliaklqana.
   235 | D        | Found a viscous altar of Jiyva.
   236 | D        | Found an ancient bone altar of Kikubaaqudgha.
   237 | D        | Found a corrupted altar of Lugonu.
   238 | D        | Found a burning altar of Makhleb.
   239 | D        | Found a sparkling altar of Nemelex Xobeh.
   240 | D        | Found an iron altar of Okawaru.
   241 | D        | Found a stormy altar of Qazlal.
   242 | D        | Found a sacrificial altar of Ru.
   243 | D        | Found a deep blue altar of Sif Muna.
   244 | D        | Found a bloodstained altar of Trog.
   245 | D        | Found a hide-covered altar of Uskayaw.
   246 | D        | Found a radiant altar of Vehumet.
   247 | D        | Found an ornate altar of the Wu Jian Council.
   248 | D        | Found a shimmering altar of Xom.
   249 | D        | Found a basalt altar of Yredelemnul.
   250 | D        | Found a glowing silver altar of Zin.
   251 | D        | Found a glowing golden altar of the Shining One.
   406 | D        | Became a worshipper of Warmaster Okawaru
   428 | D        | Noticed a hippogriff
   428 | D        | Noticed a centaur
   428 | D        | Noticed a troll
   428 | D        | Noticed an orc warrior
   445 | D        | Killed an orc warrior
   445 | D        | Reached skill level 10 in Maces & Flails
   451 | D        | Killed a troll
   451 | D        | Reached * piety under Okawaru
   451 | D        | Reached XP level 6. HP: 7/46 MP: 6/6
   451 | D        | Reached XP level 7. HP: 8/51 MP: 7/7
   462 | D        | Killed a hippogriff
   462 | D        | Reached ** piety under Okawaru
   733 | D        | Noticed a yak
   733 | D        | Noticed a skeletal warrior
   733 | D        | Noticed a cyan ugly thing
   733 | D        | Noticed a troll
   738 | D        | Killed a troll
   738 | D        | Reached XP level 8. HP: 56/56 MP: 5/10
   752 | D        | Killed a cyan ugly thing
   752 | D        | Reached *** piety under Okawaru
   752 | D        | Reached skill level 10 in Fighting
   773 | D        | Killed a skeletal warrior
   773 | D        | Reached **** piety under Okawaru
   773 | D        | Reached skill level 5 in Shields
   773 | D        | Reached XP level 9. HP: 33/64 MP: 6/13
   932 | D        | Noticed an eight-headed hydra
   932 | D        | Noticed a spiny frog
   937 | D        | Noticed a polar bear
   945 | D        | Noticed a spiny frog
   951 | D        | Killed an eight-headed hydra
   951 | D        | Reached ***** piety under Okawaru
   959 | D        | Killed a spiny frog
   959 | D        | Reached XP level 10. HP: 54/72 MP: 14/16
   962 | D        | Reached skill level 10 in Armour
   976 | D        | Killed a spiny frog
  1116 | D        | Noticed a black mamba
  1116 | D        | Noticed a six-headed hydra
  1116 | D        | Noticed a spiny frog
  1116 | D        | Noticed an elephant
  1120 | D        | Noticed a spiny frog
  1135 | D        | Killed an elephant
  1135 | D        | Received a gift from Okawaru
  1143 | D        | Killed a six-headed hydra
  1143 | D        | Reached skill level 10 in Shields
  1152 | D        | Killed a spiny frog
  1157 | D        | Killed a black mamba
  1168 | D        | Killed a spiny frog
  1168 | D        | Reached skill level 10 in Invocations
  1169 | D        | Noticed a spiny frog
  1181 | D        | Killed a spiny frog
  1187 | D        | Reached XP level 11. HP: 55/80 MP: 13/18
  1191 | D        | Got a jewelled crystal plate armour {god gift}
  1205 | D        | Identified the +11 crystal plate armour of Proximity {MR+
                  | Dex+3} (Okawaru gifted it to you in the Dungeon)
  1404 | D        | Noticed Gastronok
  1433 | D        | Killed Gastronok
  1433 | D        | Reached ****** piety under Okawaru
  1472 | D        | Noticed Eustachio
  1508 | D        | Killed Eustachio
  1568 | D        | Received a gift from Okawaru
  1605 | D        | Got a shimmering chain mail {god gift}
  1636 | D        | Identified the +5 chain mail of Okawaru's Displeasure {rC+}
                  | (Okawaru gifted it to you in the Dungeon)
  1646 | D        | Noticed an orc knight
  1647 | D        | Noticed an orc knight
  1656 | D        | Killed an orc knight
  1656 | D        | Reached skill level 15 in Fighting
  1661 | D        | Noticed an orc knight
  1688 | D        | Killed an orc knight
  1716 | D        | Killed an orc knight
  1906 | D        | Found Teshrud's Food Boutique.
  1906 | D        | Noticed an orc knight
  1906 | D        | Noticed an orc knight
  1931 | D        | Killed an orc knight
  1932 | D        | Found Omoezime's Magic Scroll Shop.
  1947 | D        | Killed an orc knight
  1952 | D        | Found Yxtiulao's Weapon Boutique.
  1962 | D        | Found Jeokhloc's Antique Armour Shop.
  1981 | D        | Noticed an orc knight
  1984 | D        | Noticed an orc knight
  1999 | D        | Killed an orc knight
  1999 | D        | Reached XP level 12. HP: 62/88 MP: 19/21
  2060 | D        | Bought a pair of embroidered gloves for 165 gold pieces
  2109 | D        | Noticed Erica
  2118 | D        | Killed Erica
  2191 | D        | Got the +6 dire flail "Tormentor" {crush, Str+4 Dex+2}
  2249 | D        | Noticed a centaur warrior
  2260 | D        | Noticed a tengu warrior
  2270 | D        | Killed a centaur warrior
  2270 | D        | Reached skill level 15 in Armour
  2271 | D        | Noticed an ettin
  2277 | D        | Noticed a fire dragon
  2288 | D        | Noticed a spark wasp
  2326 | D        | Killed a tengu warrior
  2327 | D        | Noticed a deep troll earth mage
  2336 | D        | Killed an ettin
  2337 | D        | Noticed a tengu warrior
  2345 | D        | Killed a fire dragon
  2345 | D        | Received a gift from Okawaru
  2345 | D        | Reached skill level 5 in Dodging
  2345 | D        | Reached skill level 15 in Shields
  2354 | D        | Killed a spark wasp
  2391 | D        | Killed a deep troll earth mage
  2413 | D        | Killed a tengu warrior
  2656 | D        | Noticed Agnes
  2680 | D        | Killed Agnes
  2685 | D        | Noticed Rupert
  2704 | D        | Paralysed by Rupert for 7 turns
  2735 | D        | Killed Rupert
  2735 | D        | Reached XP level 13. HP: 52/97 MP: 16/22
  2919 | D        | Noticed Aizul
  2999 | D        | Killed Aizul
  2999 | D        | Received a gift from Okawaru
  3078 | D        | Noticed a merfolk javelineer
  3130 | D        | Killed a merfolk javelineer
  3561 | D        | Noticed a spark wasp
  3573 | D        | Noticed an entropy weaver
  3578 | D        | Reached skill level 1 in Throwing
  3606 | D        | Killed a spark wasp
  3651 | D        | Killed an entropy weaver
  3772 | D        | Noticed a thorn hunter
  3791 | D        | Killed a thorn hunter
  3809 | D        | Received a gift from Okawaru
  4003 | D        | Noticed a nagaraja
  4009 | D        | Killed a nagaraja
  4009 | D        | Reached skill level 5 in Throwing
  4050 | D        | Reached skill level 15 in Maces & Flails
  4050 | D        | Gained mutation: Your large and strong wings let you fly
                  | indefinitely. [Gargoyle growth]
  4050 | D        | Reached XP level 14. HP: 103/106 MP: 18/24
  4120 | D        | Noticed Snorg
  4131 | D        | Killed Snorg
  4155 | D        | Noticed Kirke
  4271 | D        | Noticed a sphinx
  4304 | D        | Killed Kirke
  4518 | D        | Noticed a tentacled monstrosity
  4519 | D        | Noticed a red very ugly thing
  4538 | D        | Killed a tentacled monstrosity
  4556 | D        | Killed a red very ugly thing
  4556 | D        | Received a gift from Okawaru
  4570 | D        | Received a gift from Okawaru
  4579 | D        | Noticed a frost giant
  4583 | D        | Reached skill level 10 in Throwing
  4627 | D        | Killed a frost giant
  4646 | D        | Noticed a stone giant
  4671 | D        | Killed a stone giant
  5010 | D        | Noticed an ironheart preserver
  5010 | D        | Noticed a vault warden
  5026 | D        | Noticed a vault warden
  5035 | D        | Killed a vault warden
  5040 | D        | Killed an ironheart preserver
  5059 | D        | Reached XP level 15. HP: 118/118 MP: 21/25
  5068 | D        | Received a gift from Okawaru
  5089 | D        | Killed a vault warden
  5168 | D        | Got a pair of slimy boots {god gift}
  5182 | D        | Identified the +4 pair of boots "Iroiz" {MR- rCorr Stlth+}
                  | (Okawaru gifted it to you in the Dungeon)
  5361 | D        | Noticed Mara
  5367 | D        | Noticed Canard's illusion
  5563 | D        | Killed Mara
  6022 | D        | Noticed a tengu reaver
  6023 | D        | Noticed Sojobo
  6067 | D        | Noticed a tengu reaver
  6088 | D        | Killed a tengu reaver
  6241 | D        | Killed Sojobo
  6241 | D        | Received a gift from Okawaru
  6241 | D        | Reached skill level 10 in Dodging
  6251 | D        | Killed a tengu reaver
  6441 | D        | Got a decaying rune of Zot
  6448 | D        | Noticed an emperor scorpion
  6448 | D        | Noticed an emperor scorpion
  6448 | D        | Noticed an emperor scorpion
  6456 | D        | Killed a ghost moth
  6475 | D        | Killed an emperor scorpion
  6475 | D        | Received a gift from Okawaru
  6475 | D        | Reached XP level 16. HP: 127/127 MP: 2/26
  6550 | D        | Got a gossamer rune of Zot
  6672 | D        | Noticed Ilsuiw
  6819 | D        | Killed Ilsuiw
  6840 | D        | Got a barnacled rune of Zot
  6856 | D        | Noticed a nagaraja
  6886 | D        | Noticed a nagaraja
  6891 | D        | Reached skill level 27 in Armour
  6904 | D        | Killed a nagaraja
  6911 | D        | Received a gift from Okawaru
  6919 | D        | Killed a nagaraja
  6943 | D        | Got a serpentine rune of Zot
  6994 | D        | Noticed Nessos
  7010 | D        | Killed Nessos
  7010 | D        | Received a gift from Okawaru
  7090 | D        | Received a gift from Okawaru
  7126 | D        | Received a gift from Okawaru
  7136 | D        | Reached skill level 27 in Fighting
  7175 | D        | Reached XP level 17. HP: 139/139 MP: 27/27
  7287 | D        | Noticed a golden dragon
  7287 | D        | Paralysed by an ogre mage for 7 turns
  7312 | D        | Reached skill level 15 in Throwing
  7333 | D        | Killed a golden dragon
  7366 | D        | Identified the Incunabulum of Changing and the Entourage
  7369 | D        | Noticed a sphinx
  7392 | D        | Received a gift from Okawaru
  7441 | D        | Killed a sphinx
  7552 | D        | Noticed an ancient lich
  7582 | D        | Killed an ancient lich
  7582 | D        | Reached skill level 15 in Invocations
  7634 | D        | Got a silver rune of Zot
  7647 | D        | Noticed Mennas
  7731 | D        | Killed Mennas
  7731 | D        | Received a gift from Okawaru
  7731 | D        | Received a gift from Okawaru
  7731 | D        | Reached skill level 27 in Shields
  7746 | D        | Noticed Louise
  7747 | D        | Noticed Xtahua
  7766 | D        | Killed Xtahua
  7766 | D        | Reached XP level 18. HP: 145/145 MP: 11/30
  7774 | D        | Killed Louise
  7783 | D        | Noticed Frederick
  7811 | D        | Killed Frederick
  7817 | D        | Noticed Margery
  7846 | D        | Killed Margery
  8013 | D        | Noticed Boris
  8032 | D        | Killed Boris
  8104 | D        | Got the ring "Qasuh" {Wiz rF+ Str-4 Dex+3 Slay+3}
  8106 | D        | Got the ring of Zioxtyam {MR+ Str+4}
  8110 | D        | Got the ring of Zazieroo {rPois rC+ rN+ SInv}
  8112 | D        | Got the ring "Paijyepn" {rPois MR+ Str+6 Int+3}
  8116 | D        | Got the ring of Foec {rCorr rPois}
  8125 | D        | Got the +5 demon whip of Disgust {pain, rF- rN+ Str+4
                  | Int+3}
  8131 | D        | Got the +5 demon whip "Kuirushe" {freeze, Int+4 Dex+2}
  8297 | D        | Received a gift from Okawaru
  8333 | D        | Noticed a bone dragon
  8340 | D        | Reached skill level 15 in Dodging
  8363 | D        | Killed a bone dragon
  8363 | D        | Received a gift from Okawaru
  8409 | D        | Noticed a quicksilver dragon
  8418 | D        | Killed a quicksilver dragon
  8496 | D        | Noticed a quicksilver dragon
  8533 | D        | Killed a quicksilver dragon
  8583 | D        | Reached XP level 19. HP: 151/151 MP: 32/32
  8587 | D        | Noticed a tentacled monstrosity
  8609 | D        | Killed a tentacled monstrosity
  8609 | D        | Received a gift from Okawaru
  8621 | D        | Reached skill level 27 in Maces & Flails
  8643 | D        | Received a gift from Okawaru
  8660 | D        | Noticed a tentacled monstrosity
  8660 | D        | Noticed a tentacled monstrosity
  8667 | D        | Killed a tentacled monstrosity
  8675 | D        | Killed a tentacled monstrosity
  8804 | D        | Received a gift from Okawaru
  8893 | D        | Noticed a golden dragon
  8893 | D        | Noticed a golden dragon
  8913 | D        | Killed a golden dragon
  8941 | D        | Killed a golden dragon
  9036 | D        | Noticed an ancient lich
  9049 | D        | Killed an ancient lich
  9049 | D        | Received a gift from Okawaru
  9049 | D        | Reached XP level 20. HP: 96/157 MP: 33/33
  9130 | D        | Noticed an orb of fire
  9130 | D        | Gained mutation: You have a pair of small antennae on your
                  | head. [an orb of fire]
  9134 | D        | Gained mutation: Scrolls take you a little longer to read.
                  | [an orb of fire]
  9147 | D        | Gained mutation: You are frail. (-10% HP) [an orb of fire]
  9151 | D        | Killed an orb of fire
  9151 | D        | Received a gift from Okawaru
  9151 | D        | Reached skill level 27 in Dodging
  9152 | D        | Lost mutation: Scrolls take you a little longer to read.
                  | [potion of mutation]
  9152 | D        | Lost mutation: You are frail. (-10% HP) [potion of
                  | mutation]
  9152 | D        | Gained mutation: Potions are less effective at restoring
                  | your health. [potion of mutation]
  9152 | D        | Gained mutation: Your flesh is heat resistant. (rF+)
                  | [potion of mutation]
 11311 | D        | Noticed an electric golem
 11327 | D        | Killed an electric golem
 11327 | D        | Received a gift from Okawaru
 11345 | D        | Noticed an ancient lich
 11345 | D        | Noticed a Killer Klown
 11367 | D        | Killed an ancient lich
 11368 | D        | Noticed an orb of fire
 11393 | D        | Gained mutation: You are clumsy. (Dex -2) [an orb of fire]
 11400 | D        | Killed an orb of fire
 11402 | D        | Killed a Killer Klown
 11415 | D        | Received a gift from Okawaru
 11416 | D        | Noticed a curse toe
 11445 | D        | Killed a curse toe
 11465 | D        | Got a pair of translucent gloves {god gift}
 11476 | D        | Identified the +1 pair of gloves of Galychoa {rF++ rC++
                  | Dex-3} (Okawaru gifted it to you in the Dungeon)
 11598 | D        | Reached XP level 21. HP: 163/163 MP: 38/38
 13109 | D        | Fell from the grace of Okawaru
 13109 | D        | Became a worshipper of Zin the Law-Giver
 13109 | D        | Reached * piety under Zin
 13109 | D        | Reached ** piety under Zin
 13109 | D        | Reached *** piety under Zin
 13109 | D        | Reached **** piety under Zin
 13109 | D        | Reached ***** piety under Zin
 13109 | D        | Reached ****** piety under Zin
 13117 | D        | Fell from the grace of Zin
 13117 | D        | Became a worshipper of the Shining One
 13117 | D        | Reached * piety under the Shining One
 13117 | D        | Reached ** piety under the Shining One
 13117 | D        | Reached *** piety under the Shining One
 13117 | D        | Reached **** piety under the Shining One
 14694 | D        | Reached ***** piety under the Shining One
 14710 | D        | Reached skill level 27 in Invocations
 14712 | D        | Reached ****** piety under the Shining One
 14718 | D        | Noticed an ancient lich
 14740 | D        | Reached skill level 1 in Evocations
 14780 | D        | Killed an ancient lich
 14780 | D        | Reached skill level 5 in Evocations
 14900 | D        | Identified a +9 morningstar of holy wrath (a +8 morningstar
                  | of draining blessed by the Shining One)
 14900 | D        | Received a gift from the Shining One
 14968 | D        | Reached skill level 10 in Evocations
 14998 | D        | Got an elven rune of Zot
 15141 | D        | Reached skill level 27 in Throwing
 15174 | D        | Noticed the Royal Jelly
 15190 | D        | Killed the Royal Jelly
 15323 | D        | Got a slimy rune of Zot
 15449 | D        | Reached XP level 22. HP: 87/169 MP: 27/39
 15642 | D        | Noticed a greater mummy
 15660 | D        | Killed a greater mummy
 15756 | D        | Noticed a greater mummy
 15756 | D        | Noticed a greater mummy
 15756 | D        | Noticed a greater mummy
 15756 | D        | Noticed a greater mummy
 15756 | D        | Noticed a greater mummy
 15756 | D        | Noticed a greater mummy
 15760 | D        | Killed a greater mummy
 15761 | D        | Noticed a greater mummy
 15767 | D        | Killed a greater mummy
 15769 | D        | Noticed a greater mummy
 15774 | D        | Killed a greater mummy
 15794 | D        | Killed a greater mummy
 15838 | D        | Killed a greater mummy
 15838 | D        | Reached skill level 27 in Evocations
 15841 | D        | Killed a greater mummy
 15842 | D        | Killed a greater mummy
 15847 | D        | Killed a greater mummy
 15847 | D        | Reached skill level 15 in Spellcasting
 15877 | D        | Got a golden rune of Zot
 15992 | D        | Got an abyssal rune of Zot
 16154 | D        | Noticed Geryon
 16165 | D        | Killed Geryon
 16168 | D        | Noticed Antaeus
 16168 | D        | Identified the +6 sword of Cerebov {flame}
 16168 | D        | Noticed Cerebov
 16168 | D        | Noticed Gloorx Vloq
 16190 | D        | Noticed Ereshkigal
 16213 | D        | Killed Antaeus
 16225 | D        | Killed Cerebov
 16225 | D        | Reached XP level 23. HP: 75/175 MP: 40/50
 16257 | D        | Killed Gloorx Vloq
 16270 | D        | Killed Ereshkigal
 16277 | D        | Learned a level 5 spell: Summon Forest
 16311 | D        | Identified the +4 staff of Dispater
 16311 | D        | Noticed Dispater
 16381 | D        | Killed Dispater
 16381 | D        | Reached skill level 5 in Summonings
 16381 | D        | Reached skill level 5 in Translocations
 16429 | D        | Got a fiery rune of Zot
 16584 | D        | Got an icy rune of Zot
 16590 | D        | Got a dark rune of Zot
 16592 | D        | Noticed Mnoleg
 16593 | D        | Noticed Lom Lobon
 16600 | D        | Paralysed by a floating eye for 4 turns
 16607 | D        | Paralysed by a floating eye for 3 turns
 16609 | D        | Identified the +7 sceptre of Asmodeus
 16609 | D        | Noticed Asmodeus
 16627 | D        | Killed Mnoleg
 16627 | D        | Reached skill level 27 in Spellcasting
 16644 | D        | Killed Asmodeus
 17003 | D        | Killed Lom Lobon
 17085 | D        | Got a bone rune of Zot
 17090 | D        | Got an iron rune of Zot
 17094 | D        | Got a glowing rune of Zot
 17136 | D        | Got a magical rune of Zot
 17140 | D        | Got an obsidian rune of Zot
 17463 | D        | Got the Orb of Zot
 17707 | D        | Noticed Lojuq the pandemonium lord
 17720 | D        | Killed Lojuq the pandemonium lord
 17720 | D        | Reached skill level 15 in Summonings
 17720 | D        | Reached skill level 15 in Translocations
 18506 | D        | Noticed Ryluday the pandemonium lord
 18517 | D        | Killed Ryluday the pandemonium lord
 18600 | D        | Noticed Citicwed the pandemonium lord
 18600 | D        | Noticed an ancient lich
 18609 | D        | Killed Citicwed the pandemonium lord
 18609 | D        | Reached XP level 24. HP: 181/181 MP: 54/54
 18618 | D        | Killed an ancient lich
 18709 | D        | Paralysed by fainting for 9 turns
 18801 | D        | Starved to death

Levels and vault maps discovered:
D:        linesprint [early_d, line_temple, items_1, d_10, items_2, lair_1,
          lair_end, items_3, orc_1, orc_end, items_4, d_15, swamp_1, shoals_1,
          snake_1, spider_1, d_20, vaults_1, items_5, swamp_end, shoals_end,
          snake_end, spider_end, vaults_end, d_27, items_6, zot_1, zot_end,
          crypt_end, forest_end, elf_end, slime_end, tomb_end, abyss_end,
          pan_hell_end]
